 Dungeon Crawl Stone Soup version 0.29-a0-451-gfbfa42419e (webtiles) character file.

Game seed: 12048642305310004446

21 bladeefan the Skirmisher (level 2, -7/24 HPs)
             Began as a Demonspawn Chaos Knight on May 19, 2022.
             Was a Plaything of Xom.
             Mangled by an unseen horror (shapeshifter) (10 damage)
             ... on level 1 of the Dungeon.
             The game lasted 00:01:08 (570 turns).

bladeefan the Skirmisher (Demonspawn Chaos Knight)   Turns: 570, Time: 00:01:09

Health: -7/24      AC:  5    Str: 12    XL:     2   Next: 65%
Magic:  11/11      EV: 11    Int: 13    God:    Xom [..*...]
Gold:   61         SH:  0    Dex: 12    Spells: 1/1 levels left

rFire   x . .      SeeInvis .   a - +0 mace (chaos)
rCold   + . .      Faith    .   (no shield)
rNeg    . . .      Spirit   .   b - +2 leather armour
rPois   .          Reflect  .   (no helmet)
rElec   .          Harm     .   (no cloak)
rCorr   .          Rampage  .   (no gloves)
Will    .....                   (no boots)
Stlth   +.........              (no amulet)
HPRegen 0.08/turn               e - ring of magical power
MPRegen 0.12/turn               f - ring of ice

@: mighty
A: weakness stinger 1
a: Renounce Religion


You were on level 1 of the Dungeon.
You worshipped Xom.
You were a toy of Xom.
You visited 1 branch of the dungeon, and saw 1 of its levels.

You collected 61 gold pieces.

Inventory:

Hand Weapons
 a - a +0 mace of chaos (weapon)
Armour
 b - a +2 leather armour (worn)
Jewellery
 e - a ring of magical power (left hand)
   (You found it on level 1 of the Dungeon)
 f - a ring of ice (right hand)
   (You found it on level 1 of the Dungeon)
Scrolls
 d - a scroll of immolation {unknown}
 h - a scroll of poison {unknown}
Potions
 g - a potion of heal wounds {unknown}
Miscellaneous
 c - a piece from Xom's chessboard (15/15) (quivered)


   Skills:
 * Level 3.4 Fighting
 + Level 2.9 Maces & Flails
 + Level 2.0 Armour
 + Level 1.2 Dodging


You had one spell level left.
You didn't know any spells.
Your spell library contained the following spells:

 Spells                   Type           Power      Damage    Failure   Level
 Conjure Flame            Conj/Fire      0%         6-21      75%         3
 Dazzling Flash           Conj/Hex       0%         N/A       75%         3
 Ignite Poison            Fire/Tmut/Pois 0%         N/A       75%         3
 Iskenderun's Mystic Bla  Conj/Tloc      0%         2d3       98%         4
 Sticky Flame             Conj/Fire      0%         2d3       98%         4
 Starburst                Conj/Fire      0%         6d3       100%        6


Dungeon Overview and Level Annotations

Branches:
Dungeon (1/15)

Altars:


Innate Abilities, Weirdness & Mutations

You have a small tail.


Message History

Key pressed, stopping explore.
Found a stone staircase leading down.
An endoplasm comes into view.
The endoplasm quivers.
An endoplasm is nearby!
The endoplasm hits you but does no damage.
You hit the endoplasm but do no damage.
The endoplasm resists with some effort.
You tail-slap the endoplasm. The endoplasm freezes you.
You are frozen.
You resist.
You hit the endoplasm.
The endoplasm seems to speed up.
The endoplasm freezes you.
You are frozen.
You resist. The endoplasm hits you.
You barely miss the endoplasm.
You tail-slap the endoplasm, but do no damage.
The endoplasm completely misses you.
The endoplasm hits you but does no damage.
You hit the endoplasm. You burn the endoplasm.
The endoplasm hits you but does no damage.
The endoplasm freezes you.
You are frozen.
You resist.
You hit the endoplasm but do no damage.
The endoplasm changes into a shapeshifter!
Xom thinks this is hilarious!
You tail-slap the shapeshifter.
The shapeshifter changes into a yaktaur!
You hit the yaktaur but do no damage.
You tail-slap the yaktaur, but do no damage.
The yaktaur closely misses you. "Go forth and destroy!"
You feel very mighty all of a sudden.
Your quokka zombie barely misses the yaktaur.
The yaktaur attacks as you move away! The yaktaur hits you.
Your quokka zombie bites the yaktaur.
Your quokka zombie bites the yaktaur.
The yaktaur changes into something you cannot see!
Something hits you but does no damage.
Deactivating autopickup; reactivate with Ctrl-A.
Something hits you.
* * * LOW HITPOINT WARNING * * *
Something hits you.
* * * LOW HITPOINT WARNING * * *
Something hits you but does no damage. Something hits you but does no damage.
Something hits you.
* * * LOW HITPOINT WARNING * * *
A kobold comes into view. It is wielding a +2 whip of freezing.
The kobold shouts!
Something hits you!
You die...

###.......... .#
#.....(...... #.#
##.#.......... ..#
†..#.÷÷....... ..
####........... #####.#
............P#.
####.....#
...........P≈#.##..K
##.#
P.........P≈≈#>#..##
#..#
≈P.......P≈≈≈#..@..#
#.##
≈≈P.....P≈≈≈≈#.....###Z#
≈≈≈P.<.P≈≈≈≈≈#.....#...#
≈≈P.....P≈≈≈≈##.....Z###
≈P.......P≈≈≈##.######
P.........P≈≈#..#
...........P≈#.########
............P#.........
####..########.########


You could see a kobold and a friendly quokka zombie.

Vanquished Creatures
  2 ball pythons (D:1)
  2 giant cockroaches (D:1)
  3 hobgoblins (D:1)
  2 jackals (D:1)
  3 quokkas (D:1)
  3 frilled lizards (D:1)
  3 rats (D:1)
18 creatures vanquished.

Vanquished Creatures (collateral kills)
  A goblin (D:1)
1 creature vanquished.

Grand Total: 19 creatures vanquished

Notes
Turn   | Place    | Note
-------+----------+-------------------------------------------
     0 | D:1      | bladeefan the Demonspawn Chaos Knight began the quest for
                  | the Orb.
     0 | D:1      | Reached XP level 1. HP: 18/18 MP: 1/1
    28 | D:1      | Reached skill level 1 in Dodging
    39 | D:1      | XOM: silly message
    57 | D:1      | Gained mutation: You have a small tail. [demonic ancestry]
    57 | D:1      | Reached XP level 2. HP: 9/24 MP: 2/2
   560 | D:1      | Noticed a shapeshifter
   560 | D:1      | an endoplasm changed into a shapeshifter
   560 | D:1      | Noticed a yaktaur
   560 | D:1      | a shapeshifter changed into a yaktaur
   562 | D:1      | XOM: potion effect (might)
   566 | D:1      | a yaktaur changed into something unseen
   570 | D:1      | Mangled by an unseen horror (shapeshifter)

Illustrated notes

Levels and vault maps discovered:
D:1:      eino_arrival_druids_welcome, layout_rooms

Skill      XL: |  1  2 |
---------------+-------+-----
Dodging        | 1 |  1.2
Armour         | 2 |  2.0
Fighting       | |  3.4
Maces & Flails | |  2.9

Action                   || total
-------------------------++-------
Melee: Mace              ||    50
       Tailslap          ||     4
       Punch             ||     1
 Stab: Paralysed         ||     1
Armor: Leather armour    ||    23
Dodge: Dodged            ||    46

Table legend: (Time is in decaauts)
 A = Elapsed time spent in this place.
 B = Non-inter-level travel time spent in this place.
 C = Inter-level travel time spent in this place.
 D = Time resting spent in this place.
 E = Time spent auto-exploring this place.
 F = Levels seen in this place.
 G = Mean time per level.
                   A        B        C        D        E       F      G
               +--------+--------+--------+--------+--------+-----+--------+
         Total |    582 |    582 |      0 |      0 |    446 |   1 |  582.0 |
       Dungeon |    582 |    582 |      0 |      0 |    446 |   1 |  582.0 |
               +--------+--------+--------+--------+--------+-----+--------+

Top non-repeatable levels by time:
     D:1: 582 daAuts
